 Dungeon Crawl Stone Soup version 0.20-a0-544-g2b9a704 (webtiles) character file.

69 bw02061 the Cudgeler (level 4, -6/40 HPs)
             Began as a Minotaur Berserker on Feb 1, 2017.
             Was a Believer of Trog.
             Killed by nerve-wracking pain
             ... invoked by Grinder
              (14 damage)
             ... on level 3 of the Dungeon.
             The game lasted 00:08:35 (1473 turns).

bw02061 the Cudgeler (Minotaur Berserker)           Turns: 1473, Time: 00:08:36

Health: -6/40      AC:  9    Str: 23    XL:     4   Next: 2%
Magic:  3/3        EV:  9    Int:  4    God:    Trog [**....]
Gold:   131        SH:  0    Dex:  9    Spells: 3/3 levels left

rFire    . . .     SeeInvis .   a - +0 mace
rCold    . . .     Gourm    +   f - +0 chain mail
rNeg     . . .     Faith    .   (no shield)
rPois    .         Spirit   .   (helmet restricted)
rElec    .         Reflect  .   (no cloak)
rCorr    .         Harm     .   (no gloves)
MR       .....                  (no boots)
Stlth    ..........             g - amulet of the gourmand
Regen    0.2/turn               (no ring)
                                r - ring of flight

@: no status effects
A: retaliatory headbutt, horns 2
a: Berserk, Trog's Hand, Burn Spellbooks, Renounce Religion, Evoke Flight


You were on level 3 of the Dungeon.
You worshipped Trog.
Trog was pleased with you.
You were not hungry.

You visited 1 branch of the dungeon, and saw 3 of its levels.

You collected 131 gold pieces.

Inventory:

Hand Weapons
 a - a +0 mace (weapon)
Armour
 b - a +0 animal skin
 f - a +0 chain mail (worn)
Jewellery
 g - an amulet of the gourmand (around neck)
 r - a ring of flight (left hand)
Scrolls
 d - 6 scrolls of identify {unknown}
 e - a scroll of fog {unknown}
 i - 2 scrolls of remove curse {unknown}
 o - a scroll of enchant armour {unknown}
 q - a scroll of noise {unknown}
 s - a scroll of magic mapping {unknown}
Potions
 h - a potion of flight {unknown}
 j - 2 potions of curing {unknown}
 l - a potion of haste {unknown}
 m - a potion of brilliance {unknown}
 p - 2 potions of lignification {unknown}
Comestibles
 k - a royal jelly
 n - a meat ration


   Skills:
 + Level 4.2 Fighting
 + Level 4.9 Maces & Flails
 + Level 3.2 Armour
 + Level 2.4 Dodging


You had 3 spell levels left.
You didn't know any spells.

Dungeon Overview and Level Annotations

Branches:
Dungeon (3/15)

Altars:

Annotations:
D:3 Grinder


Innate Abilities, Weirdness & Mutations

You reflexively headbutt those who attack you in melee.
You have a pair of horns on your head.


Message History

Trog accepts your kill.
You closely miss Grinder. You headbutt Grinder.
Grinder is lightly wounded.
Grinder hits you.
You writhe in agony.
You hit Grinder.
Grinder is lightly wounded.
Grinder hits you.
You writhe in agony.
You closely miss Grinder.
Grinder is lightly wounded.
Grinder hits you.
You writhe in agony.
You hit Grinder. You headbutt Grinder.
Grinder is moderately wounded.
Grinder hits you.
You writhe in agony.
* * * LOW HITPOINT WARNING * * *
You hit Grinder.
Grinder is moderately wounded.
Grinder blinks!
Grinder gestures at you. Pain shoots through your body!
You die...

#..###...###
.. #...#
#.####.##
#.#....#
#...5..#
###.#### #.#
#.# #@# #.#
..$ .....
##...##
#.#.# .# #.
# #


You could see Grinder.

Vanquished Creatures
  An adder (D:2)
  2 dart slugs (D:2)
  A worm (D:2)
  A leopard gecko (D:2)
  An orc (D:2)
  5 bats
  A giant cockroach (D:1)
  3 goblins
  7 hobgoblins
  11 jackals
  2 frilled lizards (D:1)
  5 kobolds
  6 rats
46 creatures vanquished.

Notes
Turn   | Place    | Note
-------+----------+-------------------------------------------
     0 | D:1      | bw02061 the Minotaur Berserker began the quest for the Orb.
     0 | D:1      | Reached XP level 1. HP: 19/19 MP: 0/0
   273 | D:1      | Reached XP level 2. HP: 27/27 MP: 1/1
   639 | D:2      | Reached XP level 3. HP: 21/33 MP: 2/2
   887 | D:2      | Reached ** piety under Trog
  1451 | D:2      | Reached XP level 4. HP: 34/40 MP: 3/3
  1464 | D:3      | Noticed Grinder
  1473 | D:3      | Killed from afar by Grinder

Vault maps used:
D:1:      evilmike_arrival_plus
D:2:      serial_aquarium, aquarium_bridge_square, aquarium_window_2,
          aquarium_window_fake, aquarium_window_fake, aquarium_window_3,
          aquarium_view_2c, aquarium_view_2d, aquarium_balcony_3b,
          aquarium_pool_2, minmay_hedge_maze, minmay_strange_pillars
D:3:      uniq_grinder

Skill      XL: |  1  2  3 |
---------------+----------+-----
Maces & Flails | 4 |  4.9
Fighting       | 4 |  4.2
Armour         | 3 |  3.2
Dodging        | |  2.4

Action                   |  1- 3 |  4- 6 || total
-------------------------+-------+-------++-------
Melee: Mace              |   109 |     6 ||   115
       Headbutt          |    18 |     2 ||    20
  Eat: Bread ration      |       |     1 ||     1
Armor: Chain mail        |    60 |       ||    60
       Animal skin       |     1 |       ||     1
Dodge: Dodged            |    55 |     1 ||    56
